 Dungeon Sprint DCSS version 0.30-a0-918-g0ff054e9dc (webtiles) character file.

Game seed: 7219190292703339517

10908 BigDaddyOpFi the Tortoise (level 11, -6/111 HPs)
             Began as an Armataur Fighter on Mar 20, 2023.
             Was the Champion of Qazlal.
             Mangled by a vampire knight
             ... wielding a +1 battleaxe
              (28 damage)
             ... in the Dungeon (Sprint V: "Ziggurat Sprint").
             The game lasted 00:03:29 (1354 turns).

BigDaddyOpFi the Tortoise (Armataur Fighter)        Turns: 1354, Time: 00:03:29

Health: -6/111     AC: 33    Str: 30    XL:     11   Next: 42%
Magic:  9/17       EV:  6    Int:  9    God:    Qazlal [******]
Gold:   0          SH:  8    Dex: 16    Spells: 10/10 levels left

rFire   + . .      SeeInvis +    K - +5 Lochaber axe {reach-cleave, Poleaxe Drain}
rCold   . . .      Faith    .    (shield currently unavailable)
rNeg    . . .      Spirit   .    E - +15 Maxwell's patent armour {-Cast -Tele rElec Will+ rCorr}
rPois   .          Reflect  .    (no helmet)
rElec   +          Roll     +    (no cloak)
rCorr   +          NoTele   +    (no gloves)
Will    +....      NoCast   +    (no barding) Stlth
                                 c - amulet of the acrobat
HPRegen 0.38/turn                N - ring of the Louse {Str+5 SInv}
MPRegen 0.15/turn                F - ring "Qakheck" {rF+ Dex+6 SInv}

@: flayed, protected from physical damage, repel missiles
A: large, rugged brown scales 3, deformed body, armoured tail, roll, long
tongue, awkward tongue
a: Renounce Religion, Upheaval, Elemental Force, Disaster Area


You were in the Dungeon.
You worshipped Qazlal.
Qazlal was exalted by your worship.
You visited 1 branch

Inventory:

Hand Weapons
 a - the +6 shillelagh "Devastator" {shatter}
   (You found it in the Dungeon)
 b - the +11 plutonium sword {Contam Stlth-}
   (You found it in the Dungeon)

   Contam:    It causes magical contamination when unequipped.
   Stlth:     It makes you less stealthy.
 D - the +27 heavy crossbow "Sniper" {heavy, Acc+∞ SInv}
   (You found it in the Dungeon)

   Acc+∞: It never misses its target.
   SInv:      It lets you see invisible.
 K - the +5 Lochaber axe (weapon) {reach-cleave, Poleaxe Drain}
   (You found it in the Dungeon)

   Poleaxe:   It uses either Axes or Polearms skill, whichever is higher.
   Drain:     It drains your maximum health when unequipped.
Armour
 E - the +15 Maxwell's patent armour (worn) {-Cast -Tele rElec Will+ rCorr}
   (You found it in the Dungeon)

   rElec:     It insulates you from electricity.
   -Cast:     It prevents spellcasting.
   -Tele:     It prevents most forms of teleportation.
   rCorr:     It protects you from acid and corrosion.
   Will:      It increases your willpower.
Jewellery
 c - an amulet of the acrobat (around neck)
 n - an amulet of regeneration
 v - a ring of flight
 w - a +6 ring of dexterity
 x - a +6 ring of dexterity
 y - a +6 ring of intelligence
 z - a +6 ring of intelligence
 A - a +6 ring of strength
 B - a +6 ring of strength
 F - the ring "Qakheck" (right hand) {rF+ Dex+6 SInv}
   (You found it in the Dungeon)

   [ring of dexterity]

   Dex:       It affects your dexterity (+6).
   rF:        It protects you from fire.
   SInv:      It lets you see invisible.
 H - a +6 ring of strength
 I - a ring of willpower
 L - the amulet of the Air {Inacc Air Fly rElec RMsl}
   (You found it in the Dungeon)

   [amulet of nothing]

   Inacc:     It reduces the accuracy of your attacks and spells.
   Air:       It enhances your air magic.
   rElec:     It insulates you from electricity.
   Fly:       It grants you flight.
   RMsl:      It protects you from missiles.
 M - a ring of see invisible
 N - the ring of the Louse (left hand) {Str+5 SInv}
   (You found it in the Dungeon)

   [ring of see invisible]

   Str:       It affects your strength (+5).
   SInv:      It lets you see invisible.
Wands
 s - a wand of mindburst (7)
 t - a wand of iceblast (7)
 u - a wand of light (7)
Scrolls
 j - 4 scrolls of blinking
 o - 4 scrolls of amnesia
 p - 7 scrolls of fog
 q - 5 scrolls of identify
 r - 2 scrolls of fear
 G - 3 scrolls of brand weapon
Potions
 d - 7 potions of might
 e - 10 potions of curing
 f - 3 potions of heal wounds
 g - 6 potions of haste
 h - 7 potions of magic
 i - 3 potions of berserk rage
 k - 2 potions of brilliance
 l - 2 potions of invisibility
 m - 4 potions of resistance
 J - a potion of attraction {unknown}
Miscellaneous
 C - a lightning rod (4/4)
 O - a phantom mirror


   Skills:
 + Level 12.1 Fighting
 + Level 11.7 Long Blades
 - Level 1.5 Axes
 + Level 9.3 Ranged Weapons
 + Level 15.4 Armour
 + Level 14.2 Shields
 * Level 8.0 Invocations


You had 10 spell levels left.
You didn't know any spells.
Your spell library contained the following spells:

 Spells                   Type           Power      Damage    Failure   Level
 Beastly Appendage        Tmut           0%         N/A       91%         1
 Sting                    Tmut/Pois      0%         1d3       91%         1
 Summon Small Mammal      Summ           0%         N/A       91%         1
 Call Imp                 Summ           0%         N/A       97%         2
 Passwall                 Tmut/Erth      0%         N/A       97%         2
 Poisonous Vapours        Pois/Air       0%         N/A       97%         2
 Scorch                   Fire           0%         2d5       97%         2
 Wereblood                Tmut           0%         N/A       97%         2
 Call Canine Familiar     Summ           0%         N/A       100%        3
 Frozen Ramparts          Ice            0%         1d1       100%        3
 Ignite Poison            Fire/Tmut/Pois 0%         N/A       100%        3
 Summon Guardian Golem    Hex/Summ       0%         N/A       100%        3
 Vhi's Electric Charge    Tloc/Air       0%         N/A       100%        3
 Anguish                  Hex/Necr       0%         N/A       100%        4
 Dispel Undead            Necr           0%         3d6       100%        4
 Leda's Liquefaction      Hex/Erth       0%         N/A       100%        4
 Manifold Assault         Tloc           0%         N/A       100%        4
 Olgreb's Toxic Radiance  Pois           0%         N/A       100%        4
 Petrify                  Tmut/Erth      0%         N/A       100%        4
 Arcjolt                  Conj/Air       0%         1d10      100%        5
 Borgnjor's Vile Clutch   Necr/Erth      0%         N/A       100%        5
 Freezing Cloud           Conj/Ice/Air   0%         6-21      100%        5
 Lee's Rapid Deconstruct  Erth           0%         3d4*      100%        5
 Simulacrum               Ice/Necr       0%         N/A       100%        6
 Starburst                Conj/Fire      0%         6d3       100%        6
 Statue Form              Tmut/Erth      0%         N/A       100%        6
 Lehudib's Crystal Spear  Conj/Erth      0%         10d2      100%        8
 Death's Door             Necr           0%         N/A       100%        9
 Polar Vortex             Ice            0%         N/A       100%        9


Dungeon Overview and Level Annotations

Branches:
Dungeon (1/1)

Altars:
Ashenzari
Cheibriados
Dithmenos
Elyvilon
Fedhas
Gozag
Hepliaklqana
Kikubaaqudgha
Makhleb
Nemelex Xobeh
Okawaru
Qazlal
Ru
Sif Muna
Trog
Uskayaw
Vehumet
Wu Jian
Xom
Yredelemnul
Zin
The Shining One
Jiyva
Lugonu

Annotations:
D 1 transporter


Innate Abilities, Weirdness & Mutations

You are completely covered in rugged brown scales. (AC +3, +7% HP)
Armour fits poorly on your strangely shaped body.
You have a long armoured tail.
You roll when moving toward enemies. (Rampage)
Your long tongue fully drains potion bottles. (2x potion effects)
Your tongue gives you trouble enunciating. (1.5x scroll delay)


Message History

The skeletal warrior is struck by lightning.
The skeletal warrior hits you but does no damage.
The vampire mage barely misses you.
The vampire mage bites you but does no damage.
The shadow is struck by lightning.
You destroy the shadow!
Qazlal accepts your kill.
The vampire knight hits you with a +1 battleaxe!
* * * LOW HITPOINT WARNING * * *
You feel more protected from physical attacks.
The vampire knight barely misses you.
Your Invocations skill increases to level 8!
Unknown command.
You feel much better.
You slurp down every last drop of the potion of heal wounds!
You block the skeletal warrior's attack.
The vampire knight hits you with a +1 battleaxe!!
The vampire knight bites you but does no damage.
You block the vampire mage's attack.
The vampire mage bites you but does no damage.
You closely miss the vampire knight.
The vampire knight is moderately damaged.
You slash the vampire mage! You hit the necromancer simulacrum.
You hit the skeletal warrior but do no damage.
You barely miss the necromancer simulacrum.
You slash the wraith! You closely miss the flayed ghost.
The vampire knight hits you but does no damage.
The vampire knight bites you.
The vampire knight draws strength from your injuries!
The skeletal warrior hits you with a +0 short sword!
* * * LOW HITPOINT WARNING * * *
You feel more protected from physical attacks.
The vampire knight casts a spell.
The vampire knight flickers and vanishes for a moment.
The vampire mage is engulfed in freezing vapours.
You block the vampire mage's attack. The vampire mage completely misses you.
The necromancer simulacrum hits you but does no damage.
The skeletal warrior hits you but does no damage.
The vampire knight hits you with a +1 battleaxe!!
You die...

▓▓▓▓▓▓▓▓▓▓▓▓
▓...8©8...▓...8©8...▓.
▓..)::))).▓...))||..▓.
▓..|||[)..▓..|.})[..▓.
▓.........▓.........▓.
▓.........▓.........▓.
▓....☼Z○..▓.........▓.
▓..○ZVzW..▓.........▓.
▓..☼§@§W..▓.........▓.
▓.▓..☼V○▓.▓.▓.....▓.▓.
▓....©....▓....©....▓▓
▓▓▓▓▓▓▓▓▓▓▓▓▓▓▓▓▓▓▓▓▓


You could see a vampire knight (fast, invisible), a skeletal warrior, a flayed
ghost (summoned), a vampire mage (invisible), a wraith (summoned) and 2
necromancer simulacra.

Vanquished Creatures
  A great orb of eyes (D)
  Erica (D)
  2 dancing weapons (D)
  A hell hog (D)
  A skeletal warrior (D)
  A deep elf archer (D)
  3 necromancers (D)
  An orc sorcerer (D)
  2 eyes of devastation (D)
  An efreet (D)
  4 merfolk (D)
  A raiju (D)
  5 slime creatures (D)
  A jumping spider (D)
  Sigmund (D)
  A fire elemental (D)
  A shadow (D)
  4 redbacks (D)
  Edmund (D)
  3 hell hounds (D)
  Duvessa (D)
  A phantom (D)
  Blork the orc (D)
  2 scorpions (D)
  2 wights (D)
  Dowan (D)
  2 crimson imps (D)
  A quasit (D)
  2 jellies (D)
  5 orc priests (D)
  Crazy Yiuf (D)
  Jessica (D)
  4 orc wizards (D)
  2 shadow imps (D)
  An ufetubus (D)
  An adder skeleton (D)
  3 orcs (D)
  A ball python skeleton (D)
  A quokka skeleton (D)
  2 fire vortices (D)
71 creatures vanquished.

Vanquished Creatures (others)
  A bat zombie (D)
1 creature vanquished.

Grand Total: 72 creatures vanquished

Notes
Turn   | Place    | Note
-------+----------+-------------------------------------------
     0 | D        | BigDaddyOpFi the Armataur Fighter began the quest for the
                  | Orb.
     0 | D        | Reached XP level 1. HP: 19/19 MP: 1/1
     4 | D        | Found a shimmering blue altar of Sif Muna.
     4 | D        | Found a bloodstained altar of Trog.
     4 | D        | Found a sacrificial altar of Ru.
     4 | D        | Found a stormy altar of Qazlal.
     4 | D        | Found an iron altar of Okawaru.
     5 | D        | Found a sparkling altar of Nemelex Xobeh.
     5 | D        | Found a blossoming altar of Fedhas.
     5 | D        | Found the +6 Majin-Bo {spellvamp, MP+6 Int+6}
     5 | D        | Found the +27 heavy crossbow "Sniper" {heavy, Acc+∞ SInv}
     5 | D        | Found the +10 dark maul {heavy}
     5 | D        | Found the +15 Maxwell's patent armour {-Cast -Tele rElec
                  | Will+ rCorr}
     5 | D        | Found the +18 shield of the Gong {Loud rN+ Will+ rCorr
                  | EV-5}
     5 | D        | Found the +16 obsidian axe {drain, demonic, Mesm Drain Fly
                  | SInv}
     5 | D        | Found the +7 great mace "Firestarter" {flame, inner flame,
                  | rFlCloud rF++}
     5 | D        | Found the +6 shillelagh "Devastator" {shatter}
     5 | D        | Found the +11 plutonium sword {Contam Stlth-}
     5 | D        | Found the +8 lance "Wyrmbane" {slay drac, rPois rF+ rC+
                  | AC+3}
     5 | D        | Found the +9 sword of Zonguldrok {reap}
     5 | D        | Found the +13 scythe of Curses {drain, curses, Drain}
     5 | D        | Found the +9 sword of Power {lifebolt}
     5 | D        | Found the +7 mace of Variability {chaos, chain chaos}
     5 | D        | Found the +11 Singing Sword {sonic wave}
     5 | D        | Found the +8 storm bow {elec, penet}
     7 | D        | Found a transporter.
     7 | D        | Found an ancient bone altar of Kikubaaqudgha.
     7 | D        | Found a viscous altar of Jiyva.
     7 | D        | Found a corrupted altar of Lugonu.
     7 | D        | Found a hazy altar of Hepliaklqana.
     7 | D        | Found a burning altar of Makhleb.
     7 | D        | Found an opulent altar of Gozag.
    62 | D        | Became a worshipper of Qazlal Stormbringer
    63 | D        | Reached skill level 6 in Armour
    63 | D        | Reached skill level 5 in Shields
    63 | D        | Reached XP level 2. HP: 29/29 MP: 1/4
    63 | D        | Reached XP level 3. HP: 36/36 MP: 1/5
   385 | D        | Entered arena 2.
   385 | D        | Noticed a phantom
   385 | D        | Noticed a wight
   385 | D        | Found a transporter.
   386 | D        | Killed a phantom
   387 | D        | Reached skill level 5 in Fighting
   387 | D        | Reached skill level 1 in Ranged Weapons
   387 | D        | Reached skill level 7 in Armour
   387 | D        | Reached XP level 4. HP: 44/44 MP: 6/6
   388 | D        | Reached XP level 5. HP: 52/52 MP: 7/7
   392 | D        | Got the Vellum of Displacement
   395 | D        | Got the Notes on Soot and Bringing Forth
   399 | D        | Entered arena 3.
   399 | D        | Found a transporter.
   400 | D        | Reached * piety under Qazlal
   403 | D        | Reached skill level 5 in Long Blades
   471 | D        | Got Faurghinu's Elucidation of the Frigorific Geologist
   475 | D        | Entered arena 4.
   475 | D        | Noticed a +1 trident of protection
   475 | D        | Noticed a +2 dire flail of pain
   475 | D        | Noticed an orc sorcerer
   475 | D        | Noticed a deep elf archer
   475 | D        | Found a transporter.
   476 | D        | Killed a +1 trident of protection
   476 | D        | Reached ** piety under Qazlal
   477 | D        | Reached skill level 9 in Armour
   477 | D        | Reached XP level 6. HP: 15/64 MP: 8/8
   477 | D        | Reached XP level 7. HP: 16/70 MP: 9/9
   478 | D        | Noticed an orange demon
   478 | D        | Killed an orc sorcerer
   479 | D        | Reached skill level 5 in Ranged Weapons
   479 | D        | Reached skill level 10 in Armour
   479 | D        | Reached XP level 8. HP: 5/79 MP: 10/10
   482 | D        | Killed a +2 dire flail of pain
   483 | D        | Reached skill level 11 in Armour
   483 | D        | Reached skill level 10 in Shields
   483 | D        | Killed a deep elf archer
   484 | D        | Reached XP level 9. HP: 43/88 MP: 11/11
   650 | D        | Entered arena 5.
   650 | D        | Noticed a merfolk
   650 | D        | Noticed a merfolk
   650 | D        | Noticed a merfolk
   650 | D        | Noticed a merfolk
   650 | D        | Found a transporter.
   652 | D        | Killed a merfolk
   652 | D        | Reached *** piety under Qazlal
   653 | D        | Reached skill level 12 in Armour
   655 | D        | Killed a merfolk
   658 | D        | Killed a merfolk
   660 | D        | Killed a merfolk
   902 | D        | Got the ring "Qakheck" {rF+ Dex+6 SInv}
   909 | D        | Entered arena 6.
   909 | D        | Found a transporter.
   910 | D        | Reached **** piety under Qazlal
   915 | D        | Reached ***** piety under Qazlal
  1009 | D        | Entered arena 7.
  1012 | D        | Reached skill level 10 in Fighting
  1014 | D        | Found a transporter.
  1028 | D        | Got the Quarto of Fluctuating Conflict
  1031 | D        | Entered arena 8.
  1031 | D        | Noticed an efreet
  1031 | D        | Noticed a hell hog
  1035 | D        | Reached skill level 13 in Armour
  1036 | D        | Killed a hell hog
  1037 | D        | Reached skill level 10 in Long Blades
  1037 | D        | Reached XP level 10. HP: 35/100 MP: 12/12
  1041 | D        | Found a transporter.
  1048 | D        | Got Kikubaaqudgha's Notes on Maleficent Ceremonies
  1059 | D        | Entered arena 9.
  1062 | D        | Reached ****** piety under Qazlal
  1065 | D        | Found a transporter.
  1075 | D        | Entered arena 10.
  1075 | D        | Found the +5 Lochaber axe {reach-cleave, Poleaxe Drain}
  1075 | D        | Found the amulet of the Air {Inacc Air Fly rElec RMsl}
  1075 | D        | Noticed Sigmund
  1075 | D        | Noticed Jessica
  1075 | D        | Noticed Blork the orc
  1075 | D        | Noticed Crazy Yiuf
  1075 | D        | Noticed Dowan
  1075 | D        | Noticed Duvessa
  1075 | D        | Noticed Edmund
  1075 | D        | Noticed Erica
  1076 | D        | Killed Jessica
  1079 | D        | Killed Crazy Yiuf
  1080 | D        | Killed Blork the orc
  1081 | D        | Reached skill level 14 in Armour
  1081 | D        | Killed Sigmund
  1082 | D        | Killed Duvessa
  1082 | D        | Killed Edmund
  1083 | D        | Killed Dowan
  1084 | D        | Killed Erica
  1085 | D        | Found a transporter.
  1168 | D        | Entered arena 11.
  1168 | D        | Found the +8 demon blade "Leech" {evervamp, Harm Drain rN+}
  1169 | D        | Found a transporter.
  1184 | D        | Entered arena 12.
  1184 | D        | Noticed a great orb of eyes
  1184 | D        | Noticed an eye of devastation
  1185 | D        | Noticed an eye of devastation
  1185 | D        | Found the +7 sceptre of Torment {pain, torment}
  1185 | D        | Found a transporter.
  1189 | D        | Killed a great orb of eyes
  1190 | D        | Reached skill level 5 in Invocations
  1191 | D        | Reached XP level 11. HP: 31/109 MP: 6/15
  1253 | D        | Got the ring of the Louse {Str+5 SInv}
  1344 | D        | Entered arena 13.
  1344 | D        | Noticed a skeletal warrior
  1344 | D        | Noticed a skeletal warrior
  1344 | D        | Noticed a necromancer
  1344 | D        | Noticed a vampire mage
  1344 | D        | Noticed a necromancer
  1345 | D        | Noticed a necromancer
  1345 | D        | Noticed a vampire knight
  1345 | D        | Found a transporter.
  1346 | D        | Noticed a flayed ghost
  1346 | D        | Killed a necromancer
  1347 | D        | Reached skill level 15 in Armour
  1350 | D        | Killed a necromancer
  1351 | D        | Killed a skeletal warrior
  1351 | D        | Killed a necromancer
  1354 | D        | Mangled by a vampire knight

Illustrated notes

Levels and vault maps discovered:
D:        sprint_v [room_start, room_1, room_2, room_3, room_4, room_5, room_6,
          room_7, room_8, room_9, room_10, room_11, room_12, room_13, room_14,
          room_15, room_16, room_17, room_18, room_19, room_20, room_21,
          room_22, room_23, room_24, room_25, room_26, room_27]

Skill      XL: |  1  2  3  4  5  6  7  8  9 10 11 |
---------------+----------------------------------+-----
Fighting       | 4 5 7 8 9 10 11 12 | 12.1
Long Blades    | 3 4 6 7 8 10 11 | 11.7
Armour         | 6 7 9 10 11 13 14 15 | 15.4
Shields        | 5 6 9 10 12 13 14 | 14.2
Invocations    | 3 5 8 |  8.0
Ranged Weapons | 1 2 4 5 6 7 8 9 |  9.3
Axes           | |  1.5

Action                     |  1- 3 |  4- 6 |  7- 9 | 10-12 || total
---------------------------+-------+-------+-------+-------++-------
  Melee: Lochaber axe      |       |       |       |    17 ||    17
         Shillelagh        |       |       |       |     7 ||     7
         Tailslap          |       |       |       |     5 ||     5
   Fire: Heavy crossbow    |     1 |     5 |    28 |     9 ||    43
 Invoke: Disaster Area     |       |       |       |     2 ||     2
    Use: Potion            |     1 |       |     4 |     3 ||     8
 Armour: Plate armour      |     1 |     5 |    74 |    66 ||   146
  Dodge: Dodged            |     2 |       |    27 |    19 ||    48
  Block: Other             |       |       |    21 |    28 ||    49

Table legend: (Time is in decaauts)
 A = Elapsed time spent in this place.
 B = Non-inter-level travel time spent in this place.
 C = Inter-level travel time spent in this place.
 D = Time resting spent in this place.
 E = Time spent auto-exploring this place.
 F = Levels seen in this place.
 G = Mean time per level.
                   A        B        C        D        E       F      G
               +--------+--------+--------+--------+--------+-----+--------+
         Total |   1475 |   1475 |      0 |   1047 |      0 |   1 | 1475.0 |
       Dungeon |   1475 |   1475 |      0 |   1047 |      0 |   1 | 1475.0 |
               +--------+--------+--------+--------+--------+-----+--------+

Top non-repeatable levels by time:
       D: 1475 daAuts
